 Dungeon Crawl Stone Soup version 0.27.1-4-g1640c2035a (webtiles) character file.

Game seed: 14547920625317789180

12837 pkoi the Blocker (level 11, -4/94 HPs)
             Began as a Minotaur Fighter on Nov 1, 2021.
             Was an Elder of Makhleb.
             Slain by a freezing wraith (16 damage)
             ... led by a death knight
             ... on level 10 of the Dungeon.
             The game lasted 00:17:48 (12437 turns).

pkoi the Blocker (Minotaur Fighter)                Turns: 12437, Time: 00:17:49

Health: -4/94      AC: 19    Str: 25    XL:     11   Next: 67%
Magic:  16/16      EV:  8    Int:  5    God:    Makhleb [****..]
Gold:   96         SH: 19    Dex:  9    Spells: 10/10 levels left

rFire    . . .     SeeInvis .   a - +1 demon blade (vamp)
rCold    . . .     Faith    .   c - +1 kite shield
rNeg     . . .     Spirit   .   F - +0 plate armour
rPois    .         Reflect  +   t - +1 hat
rElec    .         Harm     .   (no cloak)
rCorr    .         Rampage  .   (no gloves)
Will     .....                  b - +0 pair of boots
Stlth    ..........             e - amulet of reflection
HPRegen  0.25/turn              o - +4 ring of protection
MPRegen  0.15/turn              (no ring)

@: no status effects
A: horns 2, retaliatory headbutt
a: Renounce Religion, Minor Destruction, Lesser Servant of Makhleb, Major
Destruction


You were on level 10 of the Dungeon.
You worshipped Makhleb.
Makhleb was greatly pleased with you.
You visited 1 branch of the dungeon, and saw 11 of its levels.
You also visited: Sewer.

You collected 706 gold pieces.
You spent 610 gold pieces at shops.

Inventory:

Hand Weapons
 a - a +1 vampiric demon blade (weapon)
 i - a +2 dagger of electrocution
 k - a +0 scimitar
 A - a +0 long sword
Missiles
 v - a throwing net
 C - 5 javelins (quivered)
 H - 7 silver javelins
Armour
 b - a +0 pair of boots (worn)
 c - a +1 kite shield (worn)
 t - a +1 hat (worn)
 F - a +0 plate armour (worn)
Jewellery
 e - an amulet of reflection (around neck)
 o - a +4 ring of protection (left hand)
 x - a ring of wizardry
 y - an amulet of regeneration
 D - a ring of wizardry
Wands
 g - a wand of acid (10)
 h - a wand of flame (37)
 p - a wand of paralysis (7)
Scrolls
 d - a scroll of immolation
 l - 2 scrolls of fog
 m - 2 scrolls of teleportation
 q - a scroll of enchant armour
 r - a scroll of blinking
 s - a scroll of magic mapping
 u - a scroll of holy word
 G - a scroll of fear
 J - 2 scrolls of identify
 K - 2 scrolls of amnesia
Potions
 f - 4 potions of haste
 j - 4 potions of heal wounds
 n - 4 potions of ambrosia
 w - 3 potions of curing
 z - a potion of brilliance
 B - a potion of might
 M - a potion of berserk rage


   Skills:
 - Level 7.8 Fighting
 - Level 11.7 Long Blades
 - Level 1.0 Throwing
 - Level 7.6 Armour
 - Level 6.0 Dodging
 + Level 11.8 Shields
 + Level 8.4 Invocations
 - Level 0.9 Evocations


You had 10 spell levels left.
You didn't know any spells.
Your spell library contained the following spells:

 Spells                   Type           Power      Damage    Failure   Level
 Shock                    Conj/Air       0%         1d3       100%        1
 Corpse Rot               Necr/Air       N/A        N/A       100%        2
 Poisonous Vapours        Pois/Air       0%         N/A       100%        2
 Slow                     Hex            0%         N/A       100%        2
 Confusing Touch          Hex            0%         N/A       100%        3
 Gell's Gravitas          Tloc           0%         N/A       100%        3
 Ignite Poison            Fire/Tmut/Pois 0%         N/A       100%        3
 Lesser Beckoning         Tloc           0%         N/A       100%        3
 Mephitic Cloud           Conj/Pois/Air  0%         N/A       100%        3
 Ozocubu's Armour         Ice            0%         N/A       100%        3
 Swiftness                Air            0%         N/A       100%        3
 Teleport Other           Tloc           0%         N/A       100%        3
 Vampiric Draining        Necr           0%         2d6       100%        3
 Airstrike                Air            0%         N/A       100%        4
 Bolt of Magma            Conj/Fire/Erth 0%         4d4       100%        5
 Freezing Cloud           Conj/Ice/Air   0%         6-21      100%        5
 Ozocubu's Refrigeration  Ice            0%         4d5       100%        7


Dungeon Overview and Level Annotations

Branches:
Dungeon (11/15)            Temple (0/1) D:7            Lair (0/6) D:11
    Orc (0/2) D:9           Sewer (visited)

Altars:
Elyvilon
Fedhas
Hepliaklqana
Kikubaaqudgha
Makhleb
Okawaru
Qazlal
Trog
Uskayaw
Vehumet
Xom
Yredelemnul

Shops:
D:3 (   D:6 *   D:11 !

Annotations:
D:1 1 runed translucent door
D:11 1 runed translucent door


Innate Abilities, Weirdness & Mutations

You have a pair of horns on your head.
You reflexively headbutt those who attack you in melee.


Message History

Your hellwing barely misses the death knight.
There is an open door here.
Press: ? - help, v - describe, . - travel
Here: a death knight, wielding a +1 battleaxe of electrocution and wearing a +0 plate armour (heavily wounded, reflecting injuries, ally target)
The floor, spattered with blood.
Unknown command.
Unknown command.
Your hellwing hits the death knight!
Your hellwing suffers a backlash!
Your hellwing misses the death knight. The freezing wraith hits your hellwing.
The freezing wraith freezes your hellwing!!
The freezing wraith hits your hellwing but does no damage.
Your hellwing barely misses the freezing wraith.
Your hellwing hits the freezing wraith but does no damage.
There is an open door here.
You close the door.
A death knight opens the door.
You close the door.
A death knight opens the door.
You close the door.
A death knight opens the door.
You close the door.
A death knight opens the door.
You close the door.
A death knight opens the door.
You close the door.
A death knight opens the door.
The death knight offers itself to Yredelemnul, and fills with unholy energy.
There is an open door here.
You see here a +1 falchion of freezing.
The death knight's dark mirror aura disappears.
There is a stone staircase leading up here.
The freezing wraith hits you but does no damage.
The freezing wraith hits you.
* * * LOW HITPOINT WARNING * * *
You climb upwards.
There is a stone staircase leading down here.
You hit the freezing wraith but do no damage.
You block the freezing wraith's attack. x2
You slash the freezing wraith!
The freezing wraith is lightly damaged.
The freezing wraith hits you!
* * * LOW HITPOINT WARNING * * *
The freezing wraith freezes you!
You die...

.#.###.##................##.#
...))....................##.#
.#†###.#.................##.#
.#.# #.#.........##########.#
.#†###.#+#....#..# #.#
.#...#.....####..# #.#
.....#...........### #.#
.....#.....#####...# #.#
.....#.....+....@W.########.#
.....##....#####............#
.....##....#.......##########
.######....#.......# .#
######.......# .# ######.##
.# #.# .# #.########### ##
#.#.........#


You could see a freezing wraith.

Vanquished Creatures
  2 two-headed ogres
  Urug (D:10)
  A cyclops (D:11)
  Joseph (D:7)
  2 trolls
  A hornet (D:11)
  A shadow (D:8)
  Sigmund (D:3)
  10 yaks (D:10)
  4 fire bats (D:11)
  3 wraiths
  A wyvern (D:9)
  3 vampire mosquitoes (D:10)
  Menkaure (D:4)
  2 acid dragons
  A water moccasin (D:8)
  A swamp drake (D:9)
  2 black bears (D:11)
  A sky beast (D:6)
  6 ogres
  4 orc warriors
  2 ice beasts
  2 necrophages (D:4)
  4 centaurs
  A phantom (D:7)
  A kobold brigand (D:8)
  5 bullfrogs
  A gnoll sergeant (D:11)
  A wyvern zombie (D:6)
  4 scorpions
  A wyvern skeleton (D:7)
  9 wights
  4 howler monkeys
  A bullfrog zombie (D:6)
  3 centaur zombies
  2 bullfrog skeletons
  3 jellies
  2 gnoll shamans
  3 iguanas
  5 orc priests
  Ijyb (D:4)
  5 hounds
  9 orc wizards
  A killer bee zombie (D:6)
  A hound skeleton (D:5)
  3 howler monkey zombies
  17 gnolls
  10 adders
  2 shadow imps
  3 white imps
  An ufetubus (D:5)
  An adder skeleton (D:4)
  A worm (D:5)
  2 dart slugs (D:1)
  28 orcs
  13 bats
  15 endoplasms
  11 giant cockroaches
  10 goblins
  10 hobgoblins
  3 jackals (D:4)
  13 kobolds
  15 quokkas
  16 ball pythons
  12 frilled lizards
  3 rats
309 creatures vanquished.

Vanquished Creatures (collateral kills)
  A skeletal warrior (D:11)
  A shadow (D:11)
  2 wraiths (D:11)
4 creatures vanquished.

Vanquished Creatures (others)
  4 fungi (D:11)
  4 plants (D:11)
8 creatures vanquished.

Grand Total: 321 creatures vanquished

Notes
Turn   | Place    | Note
-------+----------+-------------------------------------------
     0 | D:1      | pkoi the Minotaur Fighter began the quest for the Orb.
     0 | D:1      | Reached XP level 1. HP: 19/19 MP: 0/0
     1 | D:1      | Found a runed translucent door.
    24 | D:1      | Found a faded altar of an unknown god.
   139 | D:1      | Reached XP level 2. HP: 26/26 MP: 1/1
   747 | D:2      | Reached XP level 3. HP: 22/31 MP: 2/2
  1168 | D:2      | Reached skill level 5 in Long Blades
  1187 | D:2      | Reached XP level 4. HP: 15/39 MP: 3/3
  1904 | D:3      | Noticed Sigmund
  2076 | D:4      | Found a glowing drain.
  2102 | Sewer    | Entered a sewer
  2169 | Sewer    | Reached XP level 5. HP: 41/45 MP: 4/4
  3002 | Sewer    | Reached XP level 6. HP: 35/51 MP: 5/5
  3772 | D:4      | Reached XP level 7. HP: 57/57 MP: 6/6
  4258 | D:4      | Reached skill level 1 in Dodging
  4261 | D:4      | Noticed Ijyb
  4268 | D:4      | Killed Ijyb
  4269 | D:4      | Reached skill level 10 in Long Blades
  4335 | D:4      | Noticed Menkaure
  4341 | D:4      | Killed Menkaure
  4404 | D:4      | Reached XP level 8. HP: 67/67 MP: 7/7
  4552 | D:5      | Entered Level 5 of the Dungeon
  4731 | D:5      | Found a stormy altar of Qazlal.
  4732 | D:5      | Found a burning altar of Makhleb.
  4755 | D:5      | Found a shimmering altar of Xom.
  4760 | D:5      | Became a worshipper of Makhleb the Destroyer
  4858 | D:5      | Found a white marble altar of Elyvilon.
  4961 | D:4      | Reached skill level 5 in Shields
  4997 | D:5      | Reached skill level 5 in Fighting
  5043 | D:5      | Identified the +1 ring mail of the Game Afoot {Harm}
  5099 | D:5      | Found a basalt altar of Yredelemnul.
  5118 | D:5      | Reached skill level 5 in Armour
  5134 | D:5      | Found an ancient bone altar of Kikubaaqudgha.
  5162 | D:5      | Found a hide-covered altar of Uskayaw.
  5989 | D:6      | Found Riczad's CLEARANCE SALE! EVERYTHING MUST GO!.
  5996 | D:6      | Bought a scroll of acquirement for 260 gold pieces
  5996 | D:6      | Acquired a +0 vampiric demon blade
  6044 | D:6      | Reached XP level 9. HP: 68/75 MP: 8/8
  6111 | D:6      | Found a bloodstained altar of Trog.
  6172 | D:6      | Reached * piety under Makhleb
  6498 | D:3      | Killed Sigmund
  6758 | D:3      | Found Qaviarru's Weapon Shop.
  7141 | D:7      | Found a hazy altar of Hepliaklqana.
  7293 | D:7      | Reached skill level 1 in Throwing
  7323 | D:7      | Noticed Joseph
  7336 | D:7      | Killed Joseph
  7337 | D:7      | Reached skill level 1 in Invocations
  7436 | D:7      | Found a staircase to the Ecumenical Temple.
  7506 | D:7      | Reached skill level 5 in Dodging
  7867 | D:8      | Reached ** piety under Makhleb
  7998 | D:8      | Found an iron altar of Okawaru.
  8139 | D:8      | Reached XP level 10. HP: 86/86 MP: 10/10
  9238 | D:9      | Found a staircase to the Orcish Mines.
  9317 | D:9      | Reached *** piety under Makhleb
  9565 | D:10     | Entered Level 10 of the Dungeon
  9653 | D:10     | Noticed a two-headed ogre
  9662 | D:10     | Killed a two-headed ogre
 10278 | D:10     | Noticed Urug
 10291 | D:10     | Killed Urug
 10292 | D:10     | Reached skill level 5 in Invocations
 10331 | D:10     | Reached XP level 11. HP: 94/94 MP: 14/14
 10351 | D:10     | Found a radiant altar of Vehumet.
 10493 | D:10     | Reached skill level 10 in Shields
 11325 | D:11     | Found Eschafih's Distillery.
 11333 | D:11     | Bought a potion of haste for 140 gold pieces
 11333 | D:11     | Bought a potion of haste for 140 gold pieces
 11333 | D:11     | Bought a potion of berserk rage for 70 gold pieces
 11566 | D:11     | Found a staircase to the Lair.
 11682 | D:11     | Identified the +8 hand axe "Z" {vorpal, +Blink rPois Dex+2}
 11692 | D:11     | Noticed a two-headed ogre
 11703 | D:11     | Killed a two-headed ogre
 11810 | D:11     | Found a blossoming altar of Fedhas.
 11825 | D:11     | Reached **** piety under Makhleb
 11876 | D:11     | Found a runed translucent door.
 12342 | D:11     | Found a shimmering altar of Xom.
 12351 | D:11     | Found a shimmering altar of Xom.
 12359 | D:11     | Noticed a death knight
 12359 | D:11     | Noticed a skeletal warrior
 12376 | D:11     | Killed a skeletal warrior
 12394 | D:11     | Found a shimmering altar of Xom.
 12437 | D:10     | Slain by a freezing wraith

Illustrated notes

Levels and vault maps discovered:
D:1:      dpeg_arrival_caged_fury, layout_loops_ring,
          shapermc_ecumenical_altar_starsandcircs, chequers_garden
D:2:      layout_loops_ring, minmay_bisected
D:3:      layout_rooms, serial_shops, nicolae_shop_window_shopping, uniq_sigmund
D:4:      minmay_inner_zag, layout_loops_corners, gup_sewer_entry_glass,
          dk_noncrumbling_4, uniq_ijyb, uniq_menkaure
D:5:      layout_rooms, mainiacjoe_overflow_alcove_1, yredelemnul_altar_generic,
          elyvilon_altar_5, mainiacjoe_overflow_surrounded_room,
          grunt_temple_overflow_open
D:6:      layout_gridville, amcnicky_altar_gilded, nicolae_shop_clearance
D:7:      layout_basic, mainiacjoe_overflow_paths, minmay_temple_entry_grid,
          grunt_ministairs_15, uniq_joseph
D:8:      layout_basic, kennysheep_mini_moat
D:9:      corexii_shack_village, layout_basic, erik_orc_1, serial_park_tiny_pond
D:10:     layout_basic, vehumet_altar_wand_db, uniq_urug
D:11:     due_megacathedral, layout_loops_corners,
          grunt_lair_entry_orc_guard_hut, serial_shops, nicolae_stop_n_shop_2

Skill      XL: |  1  2  3  4  5  6  7  8  9 10 11 |
---------------+----------------------------------+-----
Long Blades    | 3 4 5 6 7 9 10 11 | 11.7
Shields        | 4 5 7 9 11 | 11.8
Dodging        | 2 3 5 6 |  6.0
Fighting       | 4 5 7 |  7.8
Armour         | 4 5 7 |  7.6
Throwing       | 1 |  1.0
Invocations    | 2 5 8 |  8.4
Evocations     | |  0.9

Action                   |  1- 3 |  4- 6 |  7- 9 | 10-12 || total
-------------------------+-------+-------+-------+-------++-------
Melee: Long sword        |    74 |   192 |       |       ||   266
       Headbutt          |    11 |    25 |    68 |    77 ||   181
       Scimitar          |       |     2 |   153 |       ||   155
       Demon blade       |       |       |   141 |   407 ||   548
Invok: Lesser Servant of |       |       |       |     3 ||     3
  Use: Scroll            |       |     6 |    10 |     2 ||    18
       Potion            |       |     1 |       |     9 ||    10
Armor: Scale mail        |    25 |    68 |    96 |    13 ||   202
       Plate armour      |       |       |       |    84 ||    84
Dodge: Dodged            |    26 |    62 |    69 |    54 ||   211
Block: Kite shield       |    30 |    78 |   175 |   297 ||   580
       Reflection        |       |       |    11 |    10 ||    21
       Rpst.: Long sword |     4 |     9 |       |       ||    13
       Scimitar          |       |     1 |     9 |       ||    10
       Demon blade       |       |       |     5 |    15 ||    20
